 Dungeon Crawl Stone Soup version coffee-0.2.0 (webtiles) character file.

Game seed: 3350197064765197437, levelgen mode: deterministic

61 Dorkslayer the Covered (level 4, -4/35 HPs)
             Began as a Human Fighter on Sept 20, 2020.
             Slain by a gnoll
             ... wielding a +0 flail
              (9 damage)
             ... on level 2 of the Dungeon.
             The game lasted 00:03:05 (814 turns).

Dorkslayer the Covered (Human Fighter)               Turns: 814, Time: 00:03:06

Health: -4/35      AC:  8    Str: 17    XL:     4   Next: 27%
Magic:  4/4        EV:  9    Int:  8    God:
Gold:   22         SH:  9    Dex: 13    Spells: 3/3 levels left

rFire    . . .     SeeInvis .   a - +0 long sword
rCold    . . .     Gourm    .   c - +0 kite shield
rNeg     . . .     Faith    .   b - +0 scale mail
rPois    .         Spirit   .   (no helmet)
rElec    .         Reflect  .   (no cloak)
rCorr    .         Harm     .   m - +0 pair of gloves
MR       .....                  (no boots)
Stlth    +.........             (no amulet)
HPRegen  0.11/turn              (no ring)
MPRegen  0.09/turn              (no ring)

@: mighty
A: no striking features
a: no special abilities


You were on level 2 of the Dungeon.
You were not hungry.

You visited 1 branch of the dungeon, and saw 2 of its levels.

You collected 22 gold pieces.

Inventory:

Hand Weapons
 a - a +0 long sword (weapon)
Missiles
 n - 39 poisoned darts (quivered)
Armour
 b - a +0 scale mail (worn)
 c - a +0 kite shield (worn)
 m - a +0 pair of gloves (worn)
Scrolls
 h - a scroll of summoning
 i - a scroll of teleportation
 k - a scroll of remove curse
 l - a scroll of brand weapon
 o - a scroll of amnesia
Potions
 e - 2 potions of flight
 j - a potion of heal wounds
Comestibles
 f - 2 rations
 g - a chunk of flesh


   Skills:
 + Level 3.2(4.6) Fighting
 + Level 2.8 Long Blades
 + Level 0.9 Throwing
 + Level 3.4(4.7) Armour
 + Level 1.0(3.9) Dodging
 + Level 3.2(4.6) Shields


You had 3 spell levels left.
You didn't know any spells.
Your spell library contained the following spells:

 Spells                   Type           Power        Failure   Level  Hunger
 Confusing Touch          Hex            #.......     100%        3    ####...
 Gell's Gravitas          Tloc           #.........   100%        3    ####...
 Petrify                  Tmut/Erth      #.......     100%        4    #####..
 Metabolic Englaciation   Hex/Ice        #.........   100%        5    ######.
 Yara's Violent Unravell  Hex/Tmut       #.........   100%        5    ######.


Dungeon Overview and Level Annotations

Branches:
Dungeon (2/10)
 Temple: D:2

Altars:


Message History

The gnoll hits you with a +0 whip.
The gnoll hits you from afar with a +0 spear.
* * * LOW HITPOINT WARNING * * *
You slash the gnoll!
You kill the gnoll!
Your base Dodging skill increases to level 1!
You have reached level 4!
You feel agile. The gnoll barely misses you. The gnoll barely misses you.
You slash the gnoll!
The gnoll is almost dead.
You block the gnoll's attack.
You closely miss the gnoll. The gnoll hits you with a +0 flail.
* * * LOW HITPOINT WARNING * * *
You block the gnoll's attack.
You hit the gnoll.
You kill the gnoll!
The gnoll barely misses you. The gnoll hits you with a +0 flail!
You die...

.# .# g# .#
####g#####.
#.)........
#g##.......
#g########.
#)@........
#..#######.
#...# ♣♣♣.♣
♣♣...♣
♣..♣♣♣
♣P..P♣
♣♣...♣
♣♣P.♣


You could see a gnoll and a goblin.

Vanquished Creatures
  3 gnolls (D:2)
  4 dart slugs (D:1)
  5 hobgoblins (D:1)
  4 jackals (D:1)
  A ball python (D:1)
  2 bats (D:1)
  4 goblins (D:1)
  4 rats (D:1)
27 creatures vanquished.

Notes
Turn   | Place    | Note
-------+----------+-------------------------------------------
     0 | D:1      | Dorkslayer the Human Fighter began the quest for the Orb.
     0 | D:1      | Reached XP level 1. HP: 18/18 MP: 1/1
   177 | D:1      | Reached XP level 2. HP: 24/24 MP: 2/2
   250 | D:1      | Reached XP level 3. HP: 26/29 MP: 3/3
   809 | D:2      | Reached skill level 1 in Dodging
   809 | D:2      | Reached XP level 4. HP: 8/35 MP: 4/4
   814 | D:2      | Slain by a gnoll

Levels and vault maps discovered:
D:1:      minmay_arrival_split_and_join, layout_basic, minivault_26,
          minmay_pentomino_t2
D:2:      layout_loops_ring, nicolae_overflow_crystal_walls,
          overflow_temple_1_default, lemuel_doored_altar,
          minmay_temple_entry_statues_fountains, serial_forest,
          infiniplex_forest_clump_long, infiniplex_forest_lined_3,
          infiniplex_forest_straight_1, infiniplex_forest_clump_diagonal,
          infiniplex_forest_zigzag_2, infiniplex_forest_lined_room_2,
          infiniplex_forest_lined_2, st_stairs_1, uniq_terence

Skill      XL: |  1  2  3 |
---------------+----------+-----
Dodging        | 1 |  1.0
Fighting       | |  3.2
Long Blades    | |  2.8
Throwing       | |  0.9
Armour         | |  3.4
Shields        | |  3.2

Action                   |  1- 3 |  4- 6 || total
-------------------------+-------+-------++-------
Melee: Long sword        |    67 |     3 ||    70
Throw: Dart              |     2 |       ||     2
  Use: Potion            |     1 |       ||     1
Armor: Scale mail        |    31 |       ||    31
Dodge: Dodged            |    31 |     3 ||    34
Block: Kite shield       |    45 |     2 ||    47
       Rpst.: Long sword |     8 |       ||     8
